 Dungeon Crawl Stone Soup version 0.30-a0-924-g0ad0bf95bc (webtiles) character file.

Game seed: 5046637018968918242

50028 UltraNumeron the Bludgeoner (level 14, -8/190 HPs)
             Began as a Minotaur Berserker on Mar 22, 2023.
             Was a High Priest of Trog.
             Mangled by a six-headed hydra (15 damage)
             ... on level 1 of the Swamp.
             The game lasted 00:39:23 (22959 turns).

UltraNumeron the Bludgeoner (Minotaur Berserker)   Turns: 22959, Time: 00:39:25

Health: -8/190     AC: 23    Str: 32    XL:     14   Next: 18%
Magic:  0/13       EV: 14    Int:  2    God:    Trog [*****.]
Gold:   1373       SH:  0    Dex: 14    Spells: 13/13 levels left

rFire   . . .      SeeInvis +    o - +1 dire flail (heavy)
rCold   x . .      Faith    .    (shield currently unavailable)
rNeg    . . .      Spirit   +    j - +4 chain mail {rPois}
rPois   +          Reflect  .    (helmet restricted)
rElec   .          Rampage  .    b - +2 cloak
rCorr   .                        (no gloves)
Will    +++..                    T - +2 pair of boots of the Freezing Gods {Str+3} Stlth
                                 e - amulet of guardian spirit
HPRegen 0.51/turn                R - ring "Simy" {Will+ SInv}
MPRegen 0.13/turn                N - ring of flight

@: berserking, flying, very quick
A: horns 2, retaliatory headbutt, agile 1, strong-willed 1, strong 1, cold
vulnerability 1
a: Renounce Religion, Berserk, Trog's Hand, Brothers in Arms


You were on level 1 of the Swamp.
You worshipped Trog.
Trog was extremely pleased with you.
You visited 4 branches of the dungeon, and saw 19 of its levels.
You also visited: Ossuary.

You collected 1373 gold pieces.

Inventory:

Hand Weapons
 m - a +2 broad axe of draining
 o - a +1 heavy dire flail (weapon)
 p - the +9 triple sword of the Twelve Hosts {heavy, rElec}
   (Trog gifted it to you on level 4 of the Lair of Beasts)

   rElec:     It insulates you from electricity.
 w - a +4 executioner's axe
 K - a +4 flail of freezing
 O - a +4 battleaxe
 V - a +4 morningstar
Missiles
 h - 4 atropa-tipped darts
 i - 11 javelins (quivered)
 G - 9 poisoned darts
 P - 7 curare-tipped darts
Armour
 a - +0 acid dragon scales
 b - a +2 cloak (worn)
 j - a +4 chain mail of poison resistance (worn)
 y - a scarf of harm
 S - a +1 plate armour
 T - the +2 pair of boots of the Freezing Gods (worn) {Str+3}
   (You found it on level 4 of the Lair of Beasts)

   Str:       It affects your strength (+3).
Jewellery
 e - an amulet of guardian spirit (around neck)
 q - a ring of willpower
 r - a +6 ring of intelligence
 s - a ring of resist corrosion
 J - a ring of ice
 N - a ring of flight (right hand)
 R - the ring "Simy" (left hand) {Will+ SInv}
   (You found it on level 9 of the Dungeon)

   [ring of see invisible]

   SInv:      It lets you see invisible.
   Will:      It increases your willpower.
 X - a +6 ring of strength
 Z - a ring of poison resistance
Wands
 u - a wand of iceblast (4)
 v - a wand of polymorph (1)
 I - a wand of charming (9)
 L - a wand of mindburst (22)
 W - a wand of flame (49)
Scrolls
 c - 3 scrolls of fog
 k - 14 scrolls of identify
 t - 3 scrolls of silence
 x - 4 scrolls of immolation
 B - 6 scrolls of teleportation
 E - a scroll of fear
 F - a scroll of brand weapon
 U - 3 scrolls of butterflies
Potions
 d - 7 potions of flight
 f - 6 potions of lignification
 g - 3 potions of ambrosia
 n - 6 potions of attraction
 z - 2 potions of resistance
 A - 2 potions of curing
 C - 3 potions of cancellation
 D - 3 potions of might
 M - 4 potions of haste
 Q - 2 potions of berserk rage
 Y - a potion of mutation
Miscellaneous
 H - a phial of floods


   Skills:
 + Level 12.9 Fighting
 - Level 4.6(11.1) Axes
 + Level 15.4(15.7) Maces & Flails
 + Level 8.5 Throwing
 + Level 12.5 Armour
 + Level 11.5 Dodging
 + Level 7.7 Evocations


You had 13 spell levels left.
You didn't know any spells.
Your spell library was empty.

Dungeon Overview and Level Annotations

Branches:
Dungeon (12/15)            Temple (1/1) D:4            Lair (5/5) D:10
  Swamp (1/4) Lair:2       Spider (0/4) Lair:3        Slime (0/5) Lair:5
    Orc (0/2) D:12        Ossuary (visited)

Altars:
Cheibriados
Elyvilon
Gozag
Hepliaklqana
Kikubaaqudgha
Okawaru
Qazlal
Sif Muna
Trog
Uskayaw
Wu Jian
Xom
Yredelemnul
The Shining One
Lugonu

Shops:
D:1 *=:[[   D:4 *

Portals:
Abyss: D:3

Annotations:
D:11 2 runed translucent doors, HoaS's ghost, journeyman FoHu


Innate Abilities, Weirdness & Mutations

You have a pair of horns on your head.
You reflexively headbutt those who attack you in melee.
You are agile. (Dex +4, Str/Int -1)
You are strong-willed. (Will+)
Your muscles are strong. (Str +4, Int/Dex -1)
You are vulnerable to cold. (rC-)


Message History

* * * LOW HITPOINT WARNING * * *
The six-headed hydra bites you but does no damage.
The six-headed hydra bites you.
* * * LOW HITPOINT WARNING * * *
The six-headed hydra closely misses you.
The six-headed hydra bites you.
* * * LOW HITPOINT WARNING * * *
The spriggan rider hits you from afar with a +0 spear!!
* * * LOW HITPOINT WARNING * * *
A swamp worm comes into view.
You barely miss the spriggan druid.
The spriggan druid is heavily wounded.
The spriggan druid hits you with a +0 quarterstaff.
* * * LOW HITPOINT WARNING * * *
The six-headed hydra completely misses you.
The six-headed hydra bites you but does no damage. x4
The six-headed hydra bites you.
You closely miss the spriggan druid.
Your headbutt misses the spriggan druid.
The spriggan druid is heavily wounded.
The spriggan rider hits you but does no damage.
Unknown command.
You flatten the spriggan druid like a pancake!!!
With its final breath, the spriggan druid offers up its power to the beasts of the wild!
The bunyip is healed.
The six-headed hydra is healed.
The swamp worm seems to grow more fierce.
The eight-headed hydra seems to grow more fierce.
The tyrant leech seems to grow more fierce.
The bunyip seems to grow more fierce.
The six-headed hydra seems to grow more fierce.
The goliath frog seems to grow more fierce.
You kill the spriggan druid!
Trog accepts your kill.
Trog appreciates your killing of a magic user.
The six-headed hydra bites you.
* * * LOW HITPOINT WARNING * * *
The six-headed hydra completely misses you.
The six-headed hydra closely misses you.
The six-headed hydra bites you!
You die...

....♣)♣♣..~~~~
....♣....~.~~~~~
....[^...w~~~~~.
.........§§~~.
♣....~...~~#
♣......♣~.#
♣♣♣....~iDi#
♣.....†~Dxw#
........@)♣#
......F~~..#
.....~..♣..##
..~..♣♣♣♣..~##
..~~♣♣
♣~~..#####
♣♣♣♣.~♣
♣♣♣w.~~~.♣
♣♣...♣♣~♣..~~~.♣
♣~...♣~.~~~~~~.♣
♣~.~.♣.~~~§~~~~♣


You could see a bunyip (strong), an eight-headed hydra (strong), a six-headed
hydra (strong), a tyrant leech (strong), a spriggan rider, a goliath frog
(strong), 2 swamp worms and a spriggan.

Vanquished Creatures
  2 dire elephants (Lair:5)
  A bunyip (Swamp:1)
  A catoblepas (Lair:5)
  6 hydras
  The ghost of dunno567 the Fighter, a novice DrTm of Wu Jian (D:9)
  A boulder beetle (D:12)
  2 death yaks (Lair:5)
  4 skysharks
  2 spectral death yaks (Lair:5)
  A bog body (Swamp:1)
  A deep troll (Lair:3)
  A spriggan druid (Swamp:1)
  A spectral anaconda (Lair:5)
  4 necromancers (Lair:5)
  An obsidian statue (Lair:5)
  7 black mambas
  A dire elephant zombie (Lair:5)
  11 elephants
  A gargoyle (D:12)
  15 cane toads
  An unseen horror (D:11)
  4 komodo dragons
  3 rime drakes
  A kobold demonologist (D:12)
  Prince Ribbit (D:9)
  3 polar bears
  4 trolls
  3 hornets
  2 spectral elephants (Lair:5)
  4 tyrant leeches (Lair:2)
  10 blink frogs (Lair:5)
  A vampire (D:11)
  8 slime creatures (D:12)
  3 wyverns
  A wraith (D:12)
  34 yaks
  A steam dragon (D:9)
  3 basilisks
  3 vampire mosquitoes (Swamp:1)
  A death yak simulacrum (Lair:5)
  An acid dragon (D:12)
  Duvessa (D:6)
  13 water moccasins
  6 orc warriors
  An ice beast (D:6)
  4 black bears
  A sky beast (D:6)
  3 wolves (Lair:5)
  6 ogres
  An elephant skeleton (Lair:5)
  4 centaurs (D:11)
  A kobold brigand (D:12)
  12 bullfrogs
  A gnoll sergeant (D:12)
  10 scorpions
  17 wights
  Dowan (D:6)
  8 killer bees (D:8)
  A howler monkey (D:11)
  A centaur zombie (Ossuary)
  A lava snake (Lair:4)
  3 human zombies (Ossuary)
  3 hounds
  A jelly (D:5)
  15 orc priests
  3 sleepcaps
  6 iguanas
  7 orc wizards
  2 scorpion zombies (Ossuary)
  3 mummies (Ossuary)
  8 gnolls
  5 adders
  2 shadow imps
  A white imp (D:5)
  2 ufetubi
  A worm zombie (D:4)
  2 worms
  3 dart slugs
  44 orcs
  10 ball pythons
  6 endoplasms
  8 giant cockroaches
  5 gnoll zombies (Ossuary)
  9 goblins
  7 hobgoblins
  6 jackals
  A quokka (D:5)
  7 bats
  6 frilled lizards
  5 goblin zombies (Ossuary)
  4 hobgoblin zombies
  5 kobolds
  2 kobold zombies (Ossuary)
  An orc zombie (Ossuary)
  4 rats
446 creatures vanquished.

Vanquished Creatures (others)
  A bush (Lair:5)
  35 fungi
  2 lurking horrors (D:3)
  29 plants
  24 withered plants (Lair:5)
91 creatures vanquished.

Grand Total: 537 creatures vanquished

Notes
Turn   | Place    | Note
-------+----------+-------------------------------------------
     0 | D:1      | UltraNumeron the Minotaur Berserker began the quest for the
                  | Orb.
     0 | D:1      | Reached XP level 1. HP: 19/19 MP: 0/0
   113 | D:1      | Found Pizesk's Armour Boutique.
   166 | D:1      | Found Fiurat's Book Boutique.
   175 | D:1      | Found Jemih's Antique Armour Emporium.
   269 | D:1      | Reached XP level 2. HP: 12/27 MP: 1/1
   510 | D:1      | Found Viniwac's Assorted Antiques.
   644 | D:1      | Found Rafotus's Jewellery Shop.
   961 | D:2      | Reached XP level 3. HP: 7/33 MP: 2/2
  1264 | D:2      | Reached ** piety under Trog
  1473 | D:2      | Found a faded altar of an unknown god.
  1781 | D:3      | Reached skill level 1 in Maces & Flails
  1781 | D:3      | Reached XP level 4. HP: 13/40 MP: 1/3
  2089 | D:3      | Found a one-way gate to the infinite horrors of the Abyss.
  2089 | D:3      | Found a corrupted altar of Lugonu.
  2404 | D:3      | Found an opulent altar of Gozag.
  2519 | D:4      | Reached skill level 2 in Maces & Flails
  2519 | D:4      | Reached XP level 5. HP: 25/47 MP: 1/4
  2596 | D:4      | Found Buasy's Gadget Gallery.
  2613 | D:4      | Found a staircase to the Ecumenical Temple.
  2719 | D:4      | Reached *** piety under Trog
  2720 | D:4      | Reached skill level 3 in Maces & Flails
  2891 | D:4      | Noticed a black bear
  2895 | D:4      | Killed a black bear
  2896 | D:4      | Reached XP level 6. HP: 55/55 MP: 5/5
  3050 | D:4      | Found a sand-covered staircase.
  3056 | Ossuary  | Entered an ossuary
  3180 | Ossuary  | Reached skill level 5 in Fighting
  3238 | Ossuary  | Reached skill level 4 in Maces & Flails
  3294 | Ossuary  | Reached XP level 7. HP: 53/61 MP: 4/6
  3422 | Ossuary  | Reached skill level 5 in Maces & Flails
  3476 | Ossuary  | Reached skill level 5 in Armour
  3595 | Ossuary  | Reached skill level 6 in Maces & Flails
  3599 | Ossuary  | Reached skill level 5 in Dodging
  3599 | Ossuary  | Reached XP level 8. HP: 39/70 MP: 4/7
  3892 | D:4      | Reached **** piety under Trog
  4007 | Temple   | Entered the Ecumenical Temple
  4170 | D:5      | Entered Level 5 of the Dungeon
  4406 | D:5      | Identified the +1 falchion of the Burning Messenger {flame,
                  | Dex+3}
  5011 | D:5      | Reached skill level 7 in Maces & Flails
  5403 | D:6      | Noticed Dowan
  5405 | D:6      | Noticed Duvessa
  5415 | D:6      | Killed Duvessa
  5419 | D:6      | Killed Dowan
  5752 | D:6      | Reached skill level 8 in Maces & Flails
  6115 | D:6      | Reached XP level 9. HP: 67/79 MP: 5/8
  6661 | D:7      | Reached skill level 9 in Maces & Flails
  6791 | D:7      | Gained mutation: You are vulnerable to cold. (rC-) [potion
                  | of mutation]
  6791 | D:7      | Gained mutation: You have hidden genetic potential. [potion
                  | of mutation]
  7777 | D:8      | Reached skill level 1 in Throwing
  7777 | D:8      | Reached skill level 1 in Evocations
  8093 | D:8      | Reached skill level 10 in Maces & Flails
  8285 | D:8      | You fall into a shaft and drop 1 floor!
  8318 | D:9      | Found a large runed translucent door.
  8318 | D:9      | Found a large runed translucent door.
  8319 | D:9      | Noticed dunno567's ghost (novice DrTm)
  8355 | D:9      | Killed dunno567's ghost
  8356 | D:9      | Reached XP level 10. HP: 90/90 MP: 7/9
  8404 | D:9      | Identified the ring "Simy" {Will+ SInv}
  8660 | D:9      | Gained mutation: Your spells are a little harder to cast,
                  | but a little more powerful. [hidden potential]
  9238 | D:9      | Noticed Prince Ribbit
  9254 | D:9      | Killed Prince Ribbit
  9382 | D:10     | Entered Level 10 of the Dungeon
  9562 | D:10     | Found a staircase to the Lair.
 10320 | D:11     | Reached ***** piety under Trog
 10321 | D:11     | Reached skill level 11 in Maces & Flails
 10502 | D:11     | Received a gift from Trog
 10777 | D:11     | Noticed HoaS's ghost (journeyman FoHu)
 10777 | D:11     | Noticed a lich
 10778 | D:11     | Noticed a necromancer
 10778 | D:11     | Noticed a stone giant
 10779 | D:11     | Noticed a frost giant
 10780 | D:11     | Noticed a skeletal warrior
 10818 | D:11     | Lost mutation: Your spells are a little harder to cast, but
                  | a little more powerful. [potion of mutation]
 10818 | D:11     | Lost mutation: You have hidden genetic potential. [potion
                  | of mutation]
 10818 | D:11     | Gained mutation: You are agile. (Dex +4, Str/Int -1)
                  | [potion of mutation]
 10818 | D:11     | Gained mutation: Your muscles are strong. (Str +4, Int/Dex
                  | -1) [potion of mutation]
 10818 | D:11     | Gained mutation: You are strong-willed. (Will+) [potion of
                  | mutation]
 10999 | D:11     | Found a runed translucent door.
 11002 | D:11     | Found a runed translucent door.
 11004 | D:11     | Noticed a skeletal warrior
 11206 | D:11     | Reached XP level 11. HP: 61/97 MP: 7/10
 11415 | D:12     | Found a hazy altar of Hepliaklqana.
 11722 | D:12     | Found a staircase to the Orcish Mines.
 11737 | D:12     | Reached skill level 12 in Maces & Flails
 12257 | D:12     | Noticed a boulder beetle
 12268 | D:12     | Killed a boulder beetle
 12493 | D:12     | Reached skill level 10 in Fighting
 13766 | Lair:1   | Entered Level 1 of the Lair of Beasts
 13788 | Lair:1   | Reached skill level 5 in Throwing
 14087 | Lair:1   | Reached skill level 10 in Armour
 14212 | Lair:1   | Reached skill level 13 in Maces & Flails
 14428 | Lair:1   | Reached XP level 12. HP: 99/107 MP: 8/11
 14511 | Lair:1   | Reached skill level 5 in Evocations
 15849 | Lair:2   | Found a staircase to the Swamp.
 17311 | Lair:3   | Paralysed by a hornet for 1 turns
 18085 | Lair:3   | Found a hole to the Spider Nest.
 18370 | Lair:4   | Reached skill level 14 in Maces & Flails
 18375 | Lair:4   | Identified the +2 pair of boots of the Freezing Gods
                  | {Str+3}
 18583 | Lair:4   | Reached skill level 10 in Dodging
 18890 | Lair:4   | Noticed a seven-headed hydra
 18898 | Lair:4   | Killed a seven-headed hydra
 19127 | Lair:4   | Identified the +9 triple sword of the Twelve Hosts {heavy,
                  | rElec} (Trog gifted it to you on level 4 of the Lair of
                  | Beasts)
 19127 | Lair:4   | Received a gift from Trog
 19140 | Lair:5   | Entered Level 5 of the Lair of Beasts
 19144 | Lair:5   | Reached XP level 13. HP: 97/116 MP: 12/12
 19829 | Lair:5   | Found a staircase to the Slime Pits.
 20777 | Lair:5   | Noticed a dire elephant
 20777 | Lair:5   | Noticed a dire elephant
 20785 | Lair:5   | Reached skill level 15 in Maces & Flails
 21717 | Lair:5   | Reached XP level 14. HP: 115/126 MP: 10/13
 22723 | Swamp:1  | Entered Level 1 of the Swamp
 22959 | Swamp:1  | HP: 7/190 [six-headed hydra (4)]
 22959 | Swamp:1  | Mangled by a six-headed hydra

Illustrated notes

Levels and vault maps discovered:
D:1:      giann_wishing_wells, layout_basic, serial_shops,
          nicolae_shop_window_shopping, nicolae_shop_trees,
          nicolae_shop_window_shopping, nicolae_shop_stone, nicolae_shop_stone
D:2:      wander_river, layout_loops_ring, shapermc_ecumenical_altar_petra,
          minmay_misc_feat_alley
D:3:      layout_rooms, general_overflow_altar, amcnicky_altar_lugonu_corruption
D:4:      minmay_wonky_spiral, layout_rooms, minmay_temple_entry_stoned_glass,
          enter_ossuary_3, nicolae_shop_gadgets
D:5:      layout_basic
D:6:      layout_loops_cross, uniq_duvessa
D:7:      layout_loops_cross
D:8:      layout_basic
D:9:      layout_gridville, ebering_ghost_disaster_area,
          minmay_misc_feat_hallway, kennysheep_small_spiral, uniq_prince_ribbit1
D:10:     layout_irregular_city, lair_entry_dummy
D:11:     minmay_general_purpose_star, layout_irregular_city,
          muffindrake_ghost_dual_entry
D:12:     layout_grid_maze, kennysheep_orc_monster_closet_entryway,
          nicolae_hepliaklqana_hazy_memory
Temple:   mainiacjoe_temple_hex_bubbles
Lair:1:   layout_cave_pods, infiniplex_staircase_pool_2, lemuel_fruit_fields,
          lemuel_fruit_fields
Lair:2:   layout_cave_pods, minmay_swamp_entry_worms
Lair:3:   dreamdust_cave_troll, layout_cave_pods, dummy_spider_entry,
          serial_bayou_shore_b
Lair:4:   layout_gridlike, lemuel_fruit_fields, uniq_josephine
Lair:5:   due_jungle_book, layout_loops_ring, slime_entry_1
Swamp:1:  layout_basic_swamp, gammafunk_ghost_hydra_chop,
          nicolae_swamp_trees_clearing, swamp_pool2, uniq_donald

Skill      XL: |  1  2  3  4  5  6  7  8  9 10 11 12 13 |
---------------+----------------------------------------+-----
Axes           | 4 |  4.6
Fighting       | 4 5 6 7 8 9 10 11 12 | 12.9
Armour         | 3 4 5 6 8 9 10 11 12 | 12.5
Maces & Flails | 1 2 3 4 6 8 10 11 13 14 15 | 15.4
Dodging        | 3 4 5 6 7 8 9 10 11 | 11.5
Throwing       | 2 3 5 6 8 |  8.5
Evocations     | 2 3 4 6 7 |  7.7

Action                     |  1- 3 |  4- 6 |  7- 9 | 10-12 | 13-15 || total
---------------------------+-------+-------+-------+-------+-------++-------
  Melee: Hand axe          |    85 |       |       |       |       ||    85
         Headbutt          |     6 |    15 |    54 |    96 |    73 ||   244
         Dire flail        |     5 |   105 |   338 |   434 |   271 ||  1153
 Invoke: Berserk           |     1 |     2 |     7 |     5 |     5 ||    20
         Trog's Hand       |     1 |     1 |       |     1 |       ||     3
         Brothers in Arms  |       |       |       |       |     1 ||     1
  Evoke: Wand              |       |       |       |       |     1 ||     1
    Use: Scroll            |     1 |     3 |    18 |    10 |       ||    32
         Potion            |       |       |     2 |     3 |     6 ||    11
   Stab: Sleeping          |     1 |       |     1 |       |       ||     2
         Distracted        |       |       |       |     1 |       ||     1
 Armour: Animal skin       |    17 |       |       |       |       ||    17
         Leather armour    |     4 |    27 |    38 |       |       ||    69
         Scale mail        |       |       |    22 |       |       ||    22
         Plate armour      |       |       |       |   269 |   198 ||   467
         Chain mail        |       |       |       |       |    57 ||    57
  Dodge: Dodged            |    61 |    66 |   187 |   279 |   235 ||   828

Table legend: (Time is in decaauts)
 A = Elapsed time spent in this place.
 B = Non-inter-level travel time spent in this place.
 C = Inter-level travel time spent in this place.
 D = Time resting spent in this place.
 E = Time spent auto-exploring this place.
 F = Levels seen in this place.
 G = Mean time per level.
                   A        B        C        D        E       F      G
               +--------+--------+--------+--------+--------+-----+--------+
         Total |  23072 |  21697 |   1375 |   5423 |  13386 |  20 | 1153.6 |
       Dungeon |  12977 |  11913 |   1064 |   1700 |   8617 |  12 | 1081.4 |
        Temple |    141 |    128 |     13 |      0 |    125 |   1 |  141.0 |
          Lair |   8992 |   8695 |    297 |   3308 |   4416 |   5 | 1798.4 |
         Swamp |    229 |    229 |      0 |    167 |     11 |   1 |  229.0 |
       Ossuary |    732 |    732 |      0 |    247 |    217 |   1 |  732.0 |
               +--------+--------+--------+--------+--------+-----+--------+

Top non-repeatable levels by time:
  Lair:5: 3113 daAuts
    D:12: 1888 daAuts
  Lair:2: 1789 daAuts
  Lair:3: 1456 daAuts
  Lair:1: 1438 daAuts
     D:6: 1293 daAuts
  Lair:4: 1194 daAuts
     D:5: 1164 daAuts
     D:9: 1129 daAuts
     D:2: 1071 daAuts
     D:8: 1066 daAuts
    D:10: 976 daAuts
     D:1: 941 daAuts
    D:11: 932 daAuts
     D:3: 877 daAuts
